 Dungeon Sprint DCSS version 0.29-a0-887-gcbe080d7e0 (webtiles) character file.

Game seed: 1629723982477402927

776 rocky1 the Fighter (level 7, 0/87 HPs)
             Began as an Ogre Fighter on July 22, 2022.
             Was a Believer of Okawaru.
             Slain by a komodo dragon (29 damage)
             ... in the Dungeon (Sprint VII: "The Pits").
             The game lasted 00:02:08 (1191 turns).

rocky1 the Fighter (Ogre Fighter)                   Turns: 1191, Time: 00:02:09

Health: 0/87       AC:  3    Str: 23    XL:     7   Next: 84%
Magic:  13/13      EV: 10    Int:  9    God:    Okawaru [**....]
Gold:   0          SH:  9    Dex:  8    Spells: 6/6 levels left

rFire   . . .      SeeInvis .   m - +2 hand axe (vorpal)
rCold   . . .      Faith    .   c - +0 kite shield
rNeg    . . .      Spirit   .   b - +0 robe
rPois   .          Reflect  .   (helmet restricted)
rElec   .          Harm     .   (no cloak)
rCorr   .          Rampage  .   (gloves unavailable)
Will    .....      NoTele   +   (boots unavailable)
Stlth   +.........              (no amulet)
HPRegen 0.24/turn               (no ring)
MPRegen 0.13/turn               (no ring)

@: no status effects
A: large, unfitting armour, tough skin 1
a: Renounce Religion, Heroism


You were in the Dungeon.
You worshipped Okawaru.
Okawaru was pleased with you.
You visited 1 branch

Inventory:

Hand Weapons
 m - a +2 vorpal hand axe (weapon)
Armour
 b - a +0 robe (worn)
 c - a +0 kite shield (worn)
Scrolls
 j - a scroll of blinking
 l - 5 scrolls of amnesia
Potions
 d - a potion of might
 e - 6 potions of curing
 f - 4 potions of heal wounds
 g - a potion of haste
 h - 4 potions of magic
 i - 2 potions of berserk rage
 k - 2 potions of invisibility


   Skills:
 + Level 10.6 Fighting
 + Level 7.8 Axes
 + Level 7.4 Dodging
 + Level 8.1 Shields
 + Level 8.0 Invocations


You had 6 spell levels left.
You didn't know any spells.
Your spell library was empty.

Dungeon Overview and Level Annotations

Branches:
Dungeon (1/1)

Altars:
Ashenzari
Cheibriados
Dithmenos
Elyvilon
Fedhas
Gozag
Hepliaklqana
Kikubaaqudgha
Makhleb
Nemelex Xobeh
Okawaru
Qazlal
Ru
Sif Muna
Trog
Uskayaw
Vehumet
Wu Jian
Xom
Yredelemnul
Zin
The Shining One
Jiyva
Lugonu


Innate Abilities, Weirdness & Mutations

You are too large for most types of armour.
You have tough skin. (AC +1)


Message History

Items here: )))) [[ †††.
You start resting.
Magic restored.
You start resting.
HP restored.
There is an open door, spattered with blood here.
Items here: )))) [[ †††.
You open the door.
A hobgoblin, a komodo dragon and a cyclops come into view.
The hobgoblin shouts!
The cyclops shouts!
The cyclops throws a large rock.
The large rock hits you!!
Unknown command.
There is an open door, spattered with blood here.
Items here: )))) [[ †††.
Unknown command.
Unknown command.
You hit the komodo dragon but do no damage.
The komodo dragon closely misses you. The komodo dragon bites you.
You hit the komodo dragon.
The komodo dragon is lightly wounded.
You block the komodo dragon's attack.
You hit the komodo dragon.
The komodo dragon is moderately wounded.
You block the komodo dragon's attack.
You slash the komodo dragon!
The komodo dragon is heavily wounded.
You block the komodo dragon's attack.
You hit the komodo dragon.
The komodo dragon is severely wounded.
The komodo dragon bites you!!
You barely miss the komodo dragon.
The komodo dragon is severely wounded.
You block the komodo dragon's attack.
You hit the komodo dragon.
The komodo dragon is almost dead.
The komodo dragon bites you!
You hit the komodo dragon.
The komodo dragon is almost dead.
The komodo dragon bites you!!
You die...

#.###÷###))##.......#
#.#.)...#))##.......#
#.#..†..#[[##.......#
#.####'##'###...<...#
#)#........##.......#
#.#........##.......#
#'###########.......#
#.......#..##########
#.......#@# ###
#...#...#l# ...#
#..###..#g#....#
#...#...#C'....+
#.......#'#....#
#.......'.#....#
########### ####


You could see a cyclops, a komodo dragon and a hobgoblin.

Vanquished Creatures
  A flying skull (D)
  A vampire mosquito (D)
  A water moccasin (D)
  A floating eye (D)
  A bullfrog (D)
  2 scorpions (D)
  An orc wizard (D)
  2 mummies (D)
  A gnoll (D)
  An adder (D)
  A river rat (D)
  4 orcs (D)
  6 jackals (D)
  A kobold (D)
  A rat (D)
25 creatures vanquished.

Notes
Turn   | Place    | Note
-------+----------+-------------------------------------------
     0 | D        | rocky1 the Ogre Fighter began the quest for the Orb.
     0 | D        | Reached XP level 1. HP: 24/24 MP: 1/1
    22 | D        | Found a bloodstained altar of Trog.
    22 | D        | Found a shimmering blue altar of Sif Muna.
    22 | D        | Found a viscous altar of Jiyva.
    22 | D        | Found a hazy altar of Hepliaklqana.
    22 | D        | Found an opulent altar of Gozag.
    23 | D        | Found a glowing golden altar of the Shining One.
    23 | D        | Found a glowing silver altar of Zin.
    23 | D        | Found a basalt altar of Yredelemnul.
    23 | D        | Found a shimmering altar of Xom.
    23 | D        | Found an ornate altar of the Wu Jian Council.
    23 | D        | Found a sacrificial altar of Ru.
    23 | D        | Found a stormy altar of Qazlal.
    23 | D        | Found an iron altar of Okawaru.
    23 | D        | Found a sparkling altar of Nemelex Xobeh.
    23 | D        | Found a burning altar of Makhleb.
    23 | D        | Found a blossoming altar of Fedhas.
    23 | D        | Found a white marble altar of Elyvilon.
    23 | D        | Found a shadowy altar of Dithmenos.
    23 | D        | Found a snail-covered altar of Cheibriados.
    26 | D        | Found a corrupted altar of Lugonu.
    26 | D        | Found a radiant altar of Vehumet.
    27 | D        | Found an ancient bone altar of Kikubaaqudgha.
    27 | D        | Found a hide-covered altar of Uskayaw.
    27 | D        | Found a broken altar of Ashenzari.
    31 | D        | Became a worshipper of Warmaster Okawaru
    70 | D        | Noticed a scorpion
    74 | D        | Killed a scorpion
    75 | D        | Reached skill level 6 in Fighting
    75 | D        | Reached XP level 2. HP: 29/36 MP: 1/4
    75 | D        | Reached XP level 3. HP: 35/44 MP: 1/5
    75 | D        | Reached XP level 4. HP: 42/52 MP: 1/6
   157 | D        | Noticed a scorpion
   157 | D        | Noticed a floating eye
   166 | D        | Paralysed by a floating eye for 2 turns
   169 | D        | Killed a floating eye
   169 | D        | Reached * piety under Okawaru
   170 | D        | Reached skill level 7 in Fighting
   170 | D        | Reached skill level 5 in Axes
   170 | D        | Reached skill level 5 in Dodging
   170 | D        | Reached skill level 5 in Shields
   170 | D        | Reached skill level 5 in Invocations
   170 | D        | Reached XP level 5. HP: 41/63 MP: 6/8
   172 | D        | Reached skill level 8 in Fighting
   172 | D        | Reached XP level 6. HP: 43/72 MP: 6/10
   354 | D        | Noticed a flying skull
   367 | D        | Killed a flying skull
   367 | D        | Reached ** piety under Okawaru
   368 | D        | Reached skill level 9 in Fighting
   376 | D        | Reached XP level 7. HP: 52/83 MP: 9/12
   735 | D        | Reached skill level 10 in Fighting
   742 | D        | Noticed a vampire mosquito
   765 | D        | HP: 2/85 [vampire mosquito (9)]
   772 | D        | Killed a vampire mosquito
  1177 | D        | Noticed a komodo dragon
  1177 | D        | Noticed a cyclops
  1191 | D        | Slain by a komodo dragon

Illustrated notes

Levels and vault maps discovered:
D:        pitsprint [storerooms_1, entrance_room_1, metal_vault_6, armoury_2,
          mini_pit_1, grid_room_1, main_hall_1, silver_pit, the_coven_3,
          the_vestibule_1, steel_vault_1, golden_pit, hallway_of_sentries,
          crystal_vault_2, iron_vault_4, final_vault]

Skill      XL: |  1  2  3  4  5  6  7 |
---------------+----------------------+-----
Dodging        | 4 5 6 7 |  7.4
Fighting       | 6 7 8 9 10 | 10.6
Axes           | 3 5 6 7 |  7.8
Shields        | 4 5 6 7 8 |  8.1
Invocations    | 3 5 6 8 |  8.0

Action                   |  1- 3 |  4- 6 |  7- 9 || total
-------------------------+-------+-------+-------++-------
Melee: War axe           |     8 |    20 |       ||    28
       Hand axe          |       |    16 |    58 ||    74
Invok: Heroism           |       |     1 |     1 ||     2
  Use: Potion            |       |       |     3 ||     3
Armor: Robe              |     3 |     7 |     6 ||    16
Dodge: Dodged            |     4 |    14 |    16 ||    34
Block: Kite shield       |     4 |    18 |    24 ||    46

Table legend: (Time is in decaauts)
 A = Elapsed time spent in this place.
 B = Non-inter-level travel time spent in this place.
 C = Inter-level travel time spent in this place.
 D = Time resting spent in this place.
 E = Time spent auto-exploring this place.
 F = Levels seen in this place.
 G = Mean time per level.
                   A        B        C        D        E       F      G
               +--------+--------+--------+--------+--------+-----+--------+
         Total |   1203 |   1185 |     18 |    915 |      0 |   1 | 1203.0 |
       Dungeon |   1203 |   1185 |     18 |    915 |      0 |   1 | 1203.0 |
               +--------+--------+--------+--------+--------+-----+--------+

Top non-repeatable levels by time:
       D: 1203 daAuts
